AoeStats
← VIT Liereyy

Arabian Desert

508858915Analyzed
1v1 RM · 8d ago on Sep 24, 2026· 46m 56s· 2 players
Game mode
Random Map
Map size
Tiny (2 player)
Population
200
Speed
Normal
Resources
Standard
Victory
Conquest
Starting age
Dark Age
Ending age
Imperial Age
RankedLock teamsTeams togetherTeam positionsShared explorationLock speedFull tech treeHidden civsTurbo modeCheats
Victory
Defeat
🇷🇺 Chinese · Russia
2615
+27
🇦🇹 Varangians · Austria
2922
-27
VIT Liereyy
6:07 Loom
8:23 Feudal Age
9:10 Double-Bit Axe
10:08 Bloodlines
10:23 Horse Collar
13:38 Bloodlines
20:20 Castle Age
18:49 Scale Barding Armor
19:22 Forging
21:40 Bow Saw
21:47 Husbandry
24:35 Gold Mining
26:41 Devotion
28:49 Chain Barding Armor
31:42 Iron Casting
38:55 Imperial Age
40:36 Plate Barding Armor
42:18 Elite Jarl
45:41 Blast Furnace
SalzZ_wide
0:26 Loom
8:43 Feudal Age
9:29 Double-Bit Axe
9:53 Horse Collar
17:40 Fletching
18:08 Scale Mail Armor
21:22 Castle Age
22:21 Scale Barding Armor
22:26 Forging
25:19 Bodkin Arrow
25:26 Crossbowman
28:40 Ballistics
29:29 Wheelbarrow
29:07 Bow Saw
34:26 Imperial Age
32:52 Padded Archer Armor
35:24 Bracer
42:40 Thumb Ring
43:38 Chemistry
42:48 Arbalester
43:48 Heavy Plow
44:12 Hand Cart
44:40 Leather Archer Armor
46:16 Conscription
46:49 Town Watch
Connection lost

Rejoining the realm…

Still unreachable

The connection could not be restored.

Session expired

The server has moved on; the page needs a fresh start.